 Dungeon Crawl Stone Soup version 0.27-a0-488-g88baaf19db (webtiles) character file.

Game seed: 4503704097042385344

1840 Dirtsage the Grappler (level 8, -1/56 HPs)
             Began as a Demonspawn Gladiator on Mar 1, 2021.
             Was a Follower of Okawaru.
             Slain by a gnoll
             ... wielding a +0 halberd
              (7 damage)
             ... in a bailey.
             The game lasted 00:16:08 (6805 turns).

Dirtsage the Grappler (Demonspawn Gladiator)        Turns: 6805, Time: 00:16:09

Health: -1/56      AC:  6    Str: 16    XL:     8   Next: 87%
Magic:  6/8        EV: 19    Int: 10    God:    Okawaru [*.....]
Gold:   159        SH:  5    Dex: 15    Spells: 7/7 levels left

rFire    . . .     SeeInvis .     - Unarmed
rCold    . . .     Faith    .   (no shield)
rNeg     . . .     Spirit   .   d - +0 ring mail
rPois    +         Reflect  +   (helmet restricted)
rElec    .         Harm     .   (no cloak)
rCorr    .         Rampage  .   (no gloves)
Will     .....                  (boots unavailable)
Stlth    ++........             r - amulet of reflection
HPRegen  0.18/turn              E - +4 ring of evasion
MPRegen  0.11/turn              P - ring of poison resistance

@: heroic
A: claws 1, horns 1, talons 3
a: Renounce Religion, Heroism


You were in a bailey.
You worshipped Okawaru.
Okawaru was aware of your devotion.
You visited 2 branches of the dungeon, and saw 9 of its levels.
You also visited: Bailey.

You collected 285 gold pieces.
You spent 126 gold pieces at shops.


Innate Abilities, Weirdness & Mutations

You have sharp fingernails.
You have a pair of small horns on your head.
You have claws for feet.


   Skills:
 - Level 2.0(7.0) Fighting
 - Level 1.7(6.7) Throwing
 - Level 2.6(7.6) Dodging
 + Level 10.8(15.8) Unarmed Combat


You had 7 spell levels left.
You didn't know any spells.
Your spell library was empty.

Inventory:

Missiles
 c - 3 throwing nets (quivered) {=f}
Armour
 a - a +0 leather armour
 d - a +0 ring mail (worn)
 k - a +0 kite shield
Jewellery
 r - an amulet of reflection (around neck)
 C - a ring of protection from cold
 E - a +4 ring of evasion (left claw)
 F - a ring of protection from fire
 P - a ring of poison resistance (right claw)
 R - a ring of resist corrosion
Wands
 u - a wand of polymorph (9)
Scrolls
 e - a scroll of fog
 f - 5 scrolls of amnesia
 h - a scroll of identify {@r1}
 i - 2 scrolls of enchant weapon {unknown}
 j - 2 scrolls of magic mapping {unknown}
 s - a scroll of summoning
 t - 2 scrolls of teleportation {@r4}
 v - a scroll of fear
Potions
 b - a potion of magic {unknown}
 g - a potion of cancellation
 l - 4 potions of curing {@q1}
 m - 2 potions of flight
 n - a potion of lignification
 o - 2 potions of heal wounds {@q2}
 p - 2 potions of might
 q - 2 potions of mutation

Dungeon Overview and Level Annotations

Branches:
Dungeon (8/15)             Temple (1/1) D:6          Bailey (1/1)
   Lair: D:8-11

Altars:
Dithmenos
Elyvilon
Fedhas
Gozag
Hepliaklqana
Kikubaaqudgha
Nemelex Xobeh
Okawaru
Ru
Sif Muna
Trog
Uskayaw
Wu Jian
Xom
Yredelemnul
The Shining One

Shops:
D:5 !   D:6 *(

Annotations:
D:3 3 runed translucent doors, ma3's ghost, amateur DrCj
D:5 3 runed translucent doors, Gonzollydolly's ghost, novice TeAE
D:7 3 runed translucent doors, HoaS's ghost, novice DgGl; wineyard's ghost, novice DsFE .▒ ▒. ▒'▒▒'▒▒ ▒..... .. ▒▒..... .⌠. .'..⌠.. KKg ▒...gg gg▒

▒...Kg▒▒ ▒o▒ ▒'▒
▒@▒▒ ▒g▒g▒ ▒▒(▒ ▒
▒▒▒ ▒▒▒▒▒ ▒▒▒ ▒(▒
▒▒▒.▒▒▒.▒.▒▒▒.▒▒▒.▒
'▒▒'▒▒'▒▒▒'▒▒'▒▒'▒▒
▒.....▒▒ ▒▒.....▒▒
▒.....▒▒▒▒▒.....▒▒▒
'..∩..'.▒.'..⌠..'.▒
▒)....▒▒▒▒▒.....▒▒▒


You could see 2 gnolls, a hobgoblin and a kobold.


Message History

Okawaru accepts your kill. The gnoll barely misses you.
The gnoll hits you from afar with a +0 halberd!
You block the gnoll's attack.
Things that are here:
4 boomerangs; a +0 halberd; a gnoll corpse Number of times to repeat, then command key: You must enter the number of times for the command to repeat.
There is an open door here.
Things that are here:
4 boomerangs; a hobgoblin corpse Use which ability? (? or * to list)
Okay, then.
Use which ability? (? or * to list)
You gain the combat prowess of a mighty hero.
The gnoll completely misses you.
The gnoll hits you with a +0 halberd of electrocution.
You are electrocuted!!
* * * LOW HITPOINT WARNING * * *
The gnoll barely misses you.
Things that are here:
4 boomerangs; a +0 halberd; a gnoll corpse You mangle the gnoll!!
You kill the gnoll!
Okawaru accepts your kill. You block the gnoll's attack.
The gnoll hits you from afar with a +0 halberd!
* * * LOW HITPOINT WARNING * * *
The gnoll hits you with a +0 halberd!
You die...

Skill      XL: |  1  2  3  4  5  6  7  8 |
---------------+-------------------------+-----
Unarmed Combat | 3 4 5 6 7 8 10 | 10.8
Fighting       | |  2.0
Throwing       | |  1.7
Dodging        | |  2.6

Action                   |  1- 3 |  4- 6 |  7- 9 || total
-------------------------+-------+-------+-------++-------
Melee: Unarmed           |   141 |   137 |   177 ||   455
       Kick              |    18 |    36 |    57 ||   111
       Punch             |     1 |     4 |    10 ||    15
       Headbutt          |       |       |    13 ||    13
Invok: Heroism           |       |       |     1 ||     1
  Use: Potion            |       |     2 |       ||     2
       Scroll            |       |     1 |     8 ||     9
Armor: Ring mail         |    47 |    36 |    28 ||   111
Dodge: Dodged            |    60 |    66 |   102 ||   228
Block: Other             |       |       |    32 ||    32
       Reflection        |       |       |     4 ||     4

Levels and vault maps discovered:
D:1:      scummos_arrival_gate, layout_rooms, grunt_decor_one_mirror
D:2:      layout_loops_ring
D:3:      layout_basic, kennysheep_ying_yang, fedhas_altar_2,
          gammafunk_ghost_nasty_kobolds
D:4:      layout_basic, minitemple
D:5:      lemuel_upstairs_altar, layout_basic, serial_shops,
          kennysheep_mini_moat, ebering_ghost_gozag, grunt_ministairs_9
D:6:      layout_rooms, lemuel_doored_altar, temple_pool_b, serial_shops,
          kennysheep_mini, shop
D:7:      layout_rooms, gammafunk_ghost_cemetery, nicolae_gozag_seed_capital
D:8:      layout_loops_ring, chequers_temple_overflow_minitemple,
          enter_bailey_5, serial_shops, nicolae_shop_stone,
          nicolae_shop_temple_entry_statues_fountains, shop,
          ebering_ghost_funeral_grove, uniq_psyche, uniq_erica
Temple:   eino_wide_crystal_templ
Bailey:   bailey_axe_2, bailey

Notes
Turn   | Place    | Note
-------+----------+-------------------------------------------
     0 | D:1      | Dirtsage the Demonspawn Gladiator began the quest for the
                  | Orb.
     0 | D:1      | Reached XP level 1. HP: 16/16 MP: 1/1
   143 | D:1      | Reached skill level 3 in Unarmed Combat
   205 | D:1      | You feel monstrous as your demonic heritage exerts itself.
   205 | D:1      | Gained mutation: You have sharp toenails. [demonic
                  | ancestry]
   205 | D:1      | Reached XP level 2. HP: 18/22 MP: 2/2
   490 | D:1      | Reached XP level 3. HP: 25/27 MP: 3/3
   661 | D:1      | Reached skill level 4 in Unarmed Combat
  1480 | D:2      | Gained mutation: You have sharp fingernails. [demonic
                  | ancestry]
  1480 | D:2      | Reached XP level 4. HP: 28/33 MP: 4/4
  2094 | D:3      | Found a blossoming altar of Fedhas.
  2301 | D:3      | Reached skill level 5 in Unarmed Combat
  2303 | D:3      | Found a runed translucent gate.
  2304 | D:3      | Found a runed translucent gate.
  2309 | D:3      | Noticed ma3's ghost (amateur DrCj)
  2310 | D:3      | Found a runed translucent gate.
  2310 | D:3      | Noticed a kobold brigand
  2586 | D:3      | Found a basalt altar of Yredelemnul.
  2639 | D:3      | Found a white marble altar of Elyvilon.
  2892 | D:4      | Reached XP level 5. HP: 38/38 MP: 5/5
  3155 | D:4      | Reached skill level 6 in Unarmed Combat
  3320 | D:4      | Gained mutation: You have razor-sharp toenails. [demonic
                  | ancestry]
  3320 | D:4      | Reached XP level 6. HP: 44/44 MP: 6/6
  3356 | D:4      | Found an iron altar of Okawaru.
  3357 | D:4      | Found a shadowy altar of Dithmenos.
  3370 | D:4      | Became a worshipper of Warmaster Okawaru
  3680 | D:5      | Entered Level 5 of the Dungeon
  3962 | D:5      | Reached skill level 7 in Unarmed Combat
  3998 | D:5      | Found a runed translucent gate.
  3998 | D:5      | Found a runed translucent gate.
  3998 | D:5      | Found a runed translucent gate.
  3998 | D:5      | Found an opulent altar of Gozag.
  3999 | D:5      | Noticed an ice beast
  3999 | D:5      | Noticed Gonzollydolly's ghost (novice TeAE)
  4113 | D:5      | Noticed a sky beast
  4132 | D:5      | Killed a sky beast
  4133 | D:5      | Gained mutation: You have claws for feet. [demonic
                  | ancestry]
  4133 | D:5      | Reached XP level 7. HP: 35/50 MP: 7/7
  4494 | D:5      | Found Haja's Distillery.
  4497 | D:5      | Bought a potion of heal wounds for 70 gold pieces
  4497 | D:5      | Bought a potion of might for 56 gold pieces
  4959 | D:6      | Reached skill level 8 in Unarmed Combat
  5004 | D:6      | Found Esuwe Leir's Antique Weapon Boutique.
  5037 | D:6      | Reached * piety under Okawaru
  5191 | D:6      | Found a staircase to the Ecumenical Temple.
  5328 | D:6      | Found Ygigah's Assorted Antiques.
  5510 | D:6      | Found a glowing golden altar of the Shining One.
  5582 | D:6      | Gained mutation: You have a pair of small horns on your
                  | head. [demonic ancestry]
  5582 | D:6      | Reached XP level 8. HP: 56/56 MP: 8/8
  5596 | Temple   | Entered the Ecumenical Temple
  5677 | D:7      | Reached skill level 9 in Unarmed Combat
  5677 | D:7      | Found an opulent altar of Gozag.
  6019 | D:7      | Reached skill level 10 in Unarmed Combat
  6314 | D:7      | Found a runed translucent gate.
  6314 | D:7      | Found a runed translucent gate.
  6314 | D:7      | Found a runed translucent gate.
  6314 | D:7      | Noticed HoaS's ghost (novice DgGl)
  6315 | D:7      | Noticed wineyard's ghost (novice DsFE)
  6337 | D:8      | Found a flagged portal.
  6364 | Bailey   | Entered a bailey
  6764 | Bailey   | Noticed an orc knight
  6805 | Bailey   | Slain by a gnoll

Vanquished Creatures
  An orc warrior (D:7)
  2 sky beasts
  A black bear (D:8)
  2 ogres
  A centaur (D:6)
  A phantom (D:7)
  2 bullfrogs
  A scorpion (D:7)
  A wight (D:7)
  2 bullfrog zombies
  2 centaur zombies
  4 hounds
  A bullfrog skeleton (D:8)
  2 centaur skeletons
  An orc priest (D:7)
  An iguana (D:4)
  3 orc wizards
  5 worker ants
  A killer bee zombie (D:5)
  A hound zombie (D:6)
  2 hound skeletons (D:4)
  7 gnolls (Bailey)
  7 adders
  3 white imps
  An ufetubus (D:6)
  An adder skeleton (D:5)
  An adder zombie (D:6)
  A worm (D:3)
  3 dart slugs
  5 leopard geckos
  18 orcs
  7 bats
  3 giant cockroaches
  11 hobgoblins
  4 jackals (D:2)
  6 quokkas
  2 ball pythons
  4 frilled lizards
  19 goblins
  14 kobolds
  9 rats
163 creatures vanquished.

Table legend: (Time is in decaauts)
 A = Elapsed time spent in this place.
 B = Non-inter-level travel time spent in this place.
 C = Inter-level travel time spent in this place.
 D = Time resting spent in this place.
 E = Time spent auto-exploring this place.
 F = Levels seen in this place.
 G = Mean time per level.
                   A        B        C        D        E       F      G
               +--------+--------+--------+--------+--------+-----+--------+
         Total |   6750 |   6599 |    151 |    622 |   4935 |  10 |  675.0 |
       Dungeon |   6261 |   6119 |    142 |    622 |   4537 |   8 |  782.6 |
        Temple |     54 |     45 |      9 |      0 |     44 |   1 |   54.0 |
        Bailey |    433 |    433 |      0 |      0 |    354 |   1 |  433.0 |
               +--------+--------+--------+--------+--------+-----+--------+

Top non-repeatable levels by time:
     D:5: 1240 daAuts
     D:2: 1139 daAuts
     D:4: 957 daAuts
     D:6: 892 daAuts
     D:1: 810 daAuts
     D:3: 754 daAuts
     D:7: 440 daAuts
  Bailey: 433 daAuts
  Temple: 54 daAuts
     D:8: 26 daAuts

Table legend:
 A = Non-vault XP
 B = Vault XP
 C = Vault XP percentage of total XP
 D = Non-vault monster count
 E = Vault monster count
 F = Vault count percentage of total count
                 A         B        C        D         E       F
            +---------+---------+-------+---------+---------+-------
      Total |    2450 |     179 |   6.8 |     134 |      29 |  17.8
            +---------+---------+-------+---------+---------+-------
        D:1 |      56 |       0 |   0.0 |      34 |       0 |   0.0
        D:2 |      59 |       0 |   0.0 |      22 |       0 |   0.0
        D:3 |      43 |       0 |   0.0 |       9 |       0 |   0.0
        D:4 |     319 |       0 |   0.0 |      15 |       0 |   0.0
        D:5 |     417 |      44 |   9.5 |      17 |       4 |  19.0
        D:6 |     491 |       0 |   0.0 |      11 |       0 |   0.0
        D:7 |     896 |       0 |   0.0 |      24 |       0 |   0.0
        D:8 |     169 |       8 |   4.5 |       2 |       4 |  66.7
     Bailey |       0 |     127 | 100.0 |       0 |      21 | 100.0
            +---------+---------+-------+---------+---------+-------
